 Dungeon Crawl Stone Soup version 0.31-a0-339-gda1cbd555d (webtiles) character file.

Game seed: 1869785587893287659

65 Flugkiller the Insei (level 4, -5/29 HPs)
             Began as an Octopode Shapeshifter on July 20, 2023.
             Killed by divine providence
             ... invoked by an orc priest
              (15 damage)
             ... on level 3 of the Dungeon.
             The game lasted 00:01:42 (1545 turns).

Flugkiller the Insei (Octopode Shapeshifter)        Turns: 1545, Time: 00:01:43

Health: -5/29      AC:  1    Str: 17    XL:     4   Next: 14%
Magic:  4/4        EV: 13    Int: 10    God:
Gold:   101        SH:  0    Dex: 14    Spells: 3/3 levels left

rFire   . . .        n - +9 mace "Fooqiom" {freeze, Drain Str+3}
rCold   . . .        (no shield)
rNeg    . . .        (helmet currently unavailable)
rPois   .            (no amulet)
rElec   .            (no ring)
rCorr   .            (no ring)
SInv    .            (no ring)
Will    .....        (no ring)
Stlth   ++           (no ring)
HPRegen 0.24/turn    (no ring)
MPRegen 0.09/turn    (no ring)
                     (no ring)

%: no passive effects
@: beast-form
A: beast (slay +2), almost no armour, amphibious, 8 rings, camouflage 1,
gelatinous body 1, (nimble swimmer 1), tentacles
a: Begin Untransformation


You were on level 3 of the Dungeon.
You were a hulking beast.
You visited 1 branch of the dungeon, and saw 3 of its levels.

You collected 101 gold pieces.

Inventory:

Hand Weapons
 n - the +9 mace "Fooqiom" (weapon) {freeze, Drain Str+3}
   (You found it on level 3 of the Dungeon)

   Str:       It affects your strength (+3).
   Drain:     It drains your maximum health when unequipped.
Jewellery
 i - a ring of see invisible
   (You found it on level 2 of the Dungeon)
Talismans
 b - a beast talisman
 e - a blade talisman
   (You found it on level 1 of the Dungeon)
Scrolls
 c - a scroll of silence {unknown}
 f - a scroll of immolation {unknown}
 h - a scroll of revelation {unknown}
 j - a scroll of noise {unknown}
 t - a scroll of teleportation
Potions
 a - 2 potions of lignification
 d - a potion of might
 m - a potion of curing {unknown}
 w - 2 potions of heal wounds


   Skills:
 + Level 2.0 Fighting
 + Level 2.7 Dodging
 + Level 3.5 Unarmed Combat
 + Level 3.3 Shapeshifting


You had 3 spell levels left.
You didn't know any spells.
Your spell library contained the following spells:

 Spells                   Type           Power      Damage    Failure   Level
 Sublimation of Blood     Necr           0%         N/A       50%         2
 Petrify                  Tmut/Erth      0%         N/A       98%         4
 Irradiate                Conj/Tmut      0%         3d11      100%        5


Dungeon Overview and Level Annotations

Branches:
Dungeon (3/15) Zot: 16455

Altars:

Shops:
D:3 *


Innate Abilities, Weirdness & Mutations

You are a hulking beast.
Your limbs bulge with bestial killing power. (Slay +2)
You cannot wear most types of armour.
You are amphibious.
You can wear up to eight rings at the same time.
Your skin changes colour to match your surroundings (Stealth+).
Your rubbery body absorbs attacks. (AC +1, EV +1)
((You are camouflaged when in or above water. (Stealth+)))
You have tentacles for arms and can constrict up to eight enemies at once.


Message History

You constrict the goblin.
You kill the goblin!
The adder hisses angrily.
The ball python hisses angrily.
The adder barely misses you. The ball python misses you.
The ball python barely misses you.
You barely miss the adder. Your grab misses the adder.
Your squeeze misses the adder. The adder barely misses you.
The adder misses you. The ball python bites you. The ball python grabs you.
The ball python constricts you.
You bludgeon the ball python!
You kill the ball python!
The adder barely misses you.
You tentacle-slap the adder. You grab the adder.
The adder is lightly wounded.
You constrict the adder. The adder bites you.
You are poisoned.
The adder poisons you!
You tentacle-slap the adder.
The adder is severely wounded.
You constrict the adder.
You feel sick. The adder bites you.
You are more poisoned.
The adder poisons you!
You tentacle-slap the adder.
You kill the adder!
You feel sick.
Your Fighting skill increases to level 2!
You have reached level 4!
You feel sick.
You feel sick.
There is a stone staircase leading up here.
You feel sick.
You climb upwards.
You feel sick.
There is a stone staircase leading down here.
You feel sick.
You start resting.
You feel sick.
You are no longer poisoned.
You start resting.
HP restored.
There is a stone staircase leading down here.
You climb downwards.
There is a stone staircase leading up here.
n - the +9 mace "Fooqiom" {freeze, Drain Str+3}
There is a stone staircase leading up here.
Really wield
n - the +9 mace "Fooqiom" {freeze, Drain Str+3}? [Y]es or [N]o only, please.
Really wield
n - the +9 mace "Fooqiom" {freeze, Drain Str+3}?
You feel stronger.
The +9 mace "Fooqiom" {freeze, Drain Str+3} glows with a cold blue light!
n - the +9 mace "Fooqiom" (weapon)
{freeze, Drain Str+3}
Found an escape hatch in the floor.
You see here a ball python corpse.
l - 2 scrolls labelled SOSOATR ISE XICARU (gained 1)
A goblin comes into view. It is wielding a +0 dagger.
A goblin is nearby!
A goblin is nearby!
Found a weird glowing staff.
The goblin shouts!
You hit the goblin but do no damage. You grab the goblin.
You constrict the goblin. The goblin misses you.
The goblin hits you with a +0 dagger.
You sock the goblin! You freeze the goblin.
You kill the goblin!
No target in view!
No target in view!
You see here a staff of poison.
HP restored.
Found Pist's General Store.
There is an entrance to Pist's General Store here.
As you read the scroll labelled CEMEJU JEACZU, it crumbles to dust.
It is a scroll of identify.
d - 2 potions of heal wounds;
w - 2 potions of heal wounds
r - a scroll of identify
As you read the scroll of identify, it crumbles to dust.
k - a potion of might;
d - a potion of might
As you read the scroll labelled SOSOATR ISE XICARU, it crumbles to dust.
You feel strangely unstable.
It was a scroll of teleportation.
t - a scroll of teleportation Unknown command.
You start waiting.
Your surroundings suddenly seem different. 2 orcs come into view.
Found 8 gold pieces.
There are monsters nearby!
There are monsters nearby!
An orc priest comes into view. It is wielding a +0 short sword.
The orc shouts!
The orc priest shouts!
The orc priest invokes the aid of Beogh against you.
Beogh smites you!
A worm comes into view.
You hit the orc. You freeze the orc. You grab the orc.
The orc is almost dead.
You constrict the orc, but do no damage.
The orc hits you with a +0 falchion!
You are too injured to fight recklessly!
You are too injured to fight recklessly!
You release your grip on the orc.
The orc priest calls down the wrath of Beogh upon you.
Beogh smites you!
Ouch! That really hurt!
You die...

..
#o
#.
#.
#o
#.##
#$o#
#.##
#h.#
##.#
.#
.#
.#
.#
.#
##


You could see an orc priest and 2 orcs.

Vanquished Creatures
  An adder (D:3)
  2 worms (D:2)
  A dart slug (D:1)
  An orc (D:2)
  5 bats (D:2)
  An endoplasm (D:2)
  4 giant cockroaches
  5 goblins
  4 hobgoblins
  A quokka (D:2)
  8 ball pythons
  2 frilled lizards (D:1)
  9 kobolds
44 creatures vanquished.

Notes
Turn   | Place    | Note
-------+----------+-------------------------------------------
     0 | D:1      | Flugkiller the Octopode Shapeshifter began the quest for
                  | the Orb.
     0 | D:1      | Reached XP level 1. HP: 13/13 MP: 1/1
   135 | D:1      | Reached XP level 2. HP: 14/18 MP: 2/2
   771 | D:2      | Reached XP level 3. HP: 15/23 MP: 3/3
  1409 | D:3      | Reached XP level 4. HP: 17/29 MP: 4/4
  1489 | D:3      | Identified the +9 mace "Fooqiom" {freeze, Drain Str+3}
  1533 | D:3      | Found Pist's General Store.
  1545 | D:3      | Killed from afar by an orc priest

Illustrated notes

Levels and vault maps discovered:
D:1:      kennysheep_arrival_seaside, layout_basic
D:2:      layout_basic, chequers_mini_garden, skrybe_limestone_x,
          minmay_bisected
D:3:      layout_rooms, nzn_wu_jian_council_hall,
          nicolae_overflow_crystal_walls, serial_shops,
          nicolae_book_shop_shelving, nicolae_shop_stone, shop,
          nicolae_square_shop, shop, grunt_decor_arrowhead, grunt_ministairs_12,
          st_stairs_1, uniq_ijyb

Skill      XL: |  1  2  3 |
---------------+----------+-----
Fighting       | 2 |  2.0
Dodging        | |  2.7
Unarmed Combat | |  3.5
Shapeshifting  | |  3.3

Action                     |  1- 3 |  4- 6 || total
---------------------------+-------+-------++-------
  Melee: Unarmed           |    74 |       ||    74
         Constrict         |    20 |     2 ||    22
         Tentacles         |    13 |       ||    13
         Punch             |     1 |       ||     1
         Mace              |       |     3 ||     3
    Use: Scroll            |       |     3 ||     3
   Stab: Sleeping          |     8 |       ||     8
         Distracted        |     1 |       ||     1
 Armour: Skin              |     7 |       ||     7
  Dodge: Dodged            |    44 |     1 ||    45

Table legend: (Time is in decaauts)
 A = Elapsed time spent in this place.
 B = Non-inter-level travel time spent in this place.
 C = Inter-level travel time spent in this place.
 D = Time resting spent in this place.
 E = Time spent auto-exploring this place.
 F = Levels seen in this place.
 G = Mean time per level.
                   A        B        C        D        E       F      G
               +--------+--------+--------+--------+--------+-----+--------+
         Total |   1543 |   1518 |     25 |    101 |   1040 |   3 |  514.3 |
       Dungeon |   1543 |   1518 |     25 |    101 |   1040 |   3 |  514.3 |
               +--------+--------+--------+--------+--------+-----+--------+

Top non-repeatable levels by time:
     D:1: 735 daAuts
     D:2: 735 daAuts
     D:3: 71 daAuts
